AoeStats
← Fingolfin

Black Forest

508722525Analyzed
4v4 RM · 8d ago on Sep 23, 2026· 55m 36s· 8 players
Game mode
Random Map
Map size
Large (8 player)
Population
200
Speed
Normal
Resources
Standard
Victory
Conquest
Starting age
Dark Age
Ending age
Imperial Age
RankedLock teamsTeams togetherTeam positionsShared explorationLock speedFull tech treeHidden civsTurbo modeCheats
Victory
Defeat
🇬🇧 Khmer · United Kingdom
830
+15
🇦🇺 Ethiopians · Australia
808
+16
🇫🇷 Franks · France
761
+18
🇹🇷 Turks · Türkiye
748
+18
🇹🇷 Japanese · Türkiye
910
-21
🇹🇼 Mongols · Taiwan
899
-21
🇺🇸 Turks · United States
699
-13
🇸🇰 Franks · Slovakia
683
-12
HORIZONUF
0:30 Loom
11:29 Feudal Age
11:56 Double-Bit Axe
17:24 Castle Age
17:23 Gold Mining
18:59 Bow Saw
21:34 Wheelbarrow
24:09 Husbandry
25:41 Town Watch
28:03 Hand Cart
28:58 Caravan
34:24 Imperial Age
31:35 Pikeman
32:01 Arson
32:24 Scale Barding Armor
32:30 Forging
33:15 Town Patrol
34:42 Squires
34:47 Scale Mail Armor
35:08 Chain Barding Armor
35:35 Ballistics
36:15 Chemistry
34:57 Treadmill Crane
35:17 Cavalier
36:20 Conscription
36:28 Masonry
36:35 Paladin
37:46 Fortified Wall
38:51 Chivalry
41:07 Halberdier
42:25 Light Cavalry
44:23 Plate Barding Armor
44:23 Iron Casting
45:19 Gold Shaft Mining
44:35 Stone Mining
51:05 Fletching
Tipu Sultan
0:26 Loom
12:56 Feudal Age
13:33 Horse Collar
14:11 Double-Bit Axe
16:41 Gold Mining
17:34 Town Watch
18:24 Wheelbarrow
17:38 Town Watch
21:17 Castle Age
22:55 Bow Saw
22:48 Heavy Plow
23:50 Town Patrol
28:29 Caravan
29:49 Stone Mining
33:17 Imperial Age
31:03 Hand Cart
34:34 Gold Shaft Mining
34:34 Stone Shaft Mining
35:19 Stone Shaft Mining
35:57 Chemistry
36:26 Capped Ram
37:47 Tusk Swords
37:47 Double Crossbow
38:09 Conscription
38:37 Ballistics
38:27 Siege Engineers
37:59 Pikeman
38:25 Arson
39:07 Fletching
39:27 Forging
39:17 Scale Mail Armor
39:22 Scale Barding Armor
40:02 Crop Rotation
39:47 Masonry
40:58 Hoardings
40:40 Siege Ram
40:44 Halberdier
41:38 Elite Ballista Elephant
42:36 Light Cavalry
43:26 Bloodlines
47:45 Coinage
48:06 Heavy Scorpion
48:39 Hussar
pumperbars
0:29 Loom
11:58 Feudal Age
13:21 Double-Bit Axe
16:25 Wheelbarrow
19:48 Castle Age
20:38 Padded Archer Armor
20:28 Fletching
22:55 Bow Saw
27:53 Hand Cart
31:05 Imperial Age
29:31 Leather Archer Armor
29:11 Bodkin Arrow
30:26 Hand Cart
33:54 Ring Archer Armor
33:25 Bracer
35:27 Bloodlines
36:29 Ballistics
44:18 Caravan
55:12 Scale Barding Armor
55:18 Forging
55:09 Scale Mail Armor
Brown Sugar
0:42 Loom
15:10 Feudal Age
17:57 Horse Collar
18:06 Double-Bit Axe
18:09 Town Watch
20:54 Castle Age
19:59 Wheelbarrow
19:17 Gold Mining
19:44 Stone Mining
22:38 Gold Shaft Mining
22:38 Stone Shaft Mining
22:16 Bow Saw
22:08 Heavy Plow
26:26 Hand Cart
33:45 Fletching
37:11 Imperial Age
36:04 Coinage
35:35 Caravan
37:18 Town Patrol
37:34 Fletching
37:59 Masonry
37:59 Fortified Wall
37:45 Murder Holes
38:11 Ballistics
37:41 Guard Tower
38:54 Chemistry
39:07 Two-Man Saw
39:17 Banking
40:21 Guilds
39:50 Heavy Scorpion
42:59 Torsion Engines
43:20 Conscription
43:22 Siege Engineers
44:20 Architecture
45:00 Bodkin Arrow
46:20 Capped Ram
47:29 Siege Ram
DearestDickSmith
0:38 Loom
14:22 Feudal Age
14:28 Feudal Age
17:21 Wheelbarrow
16:28 Horse Collar
16:37 Double-Bit Axe
16:53 Stone Mining
16:56 Gold Mining
20:21 Castle Age
21:48 Heavy Plow
22:03 Bow Saw
28:29 Gold Shaft Mining
27:50 Treadmill Crane
28:23 Fortified Wall
32:01 Imperial Age
31:15 Caravan
32:44 Artillery
35:29 Bombard Tower
35:05 Fletching
35:21 Scale Barding Armor
35:26 Forging
35:18 Padded Archer Armor
36:49 Two-Man Saw
37:12 Elite Janissary
38:15 Conscription
37:59 Husbandry
38:10 Bloodlines
39:35 Leather Archer Armor
40:32 Hand Cart
40:04 Town Watch
43:35 Ring Archer Armor
43:00 Bodkin Arrow
43:26 Chain Barding Armor
43:42 Iron Casting
43:25 Masonry
43:14 Murder Holes
50:12 Town Patrol
50:17 Bracer
50:52 Plate Barding Armor
51:18 Blast Furnace
Fingolfin
0:27 Loom
10:36 Feudal Age
11:40 Double-Bit Axe
12:32 Wheelbarrow
18:55 Castle Age
16:39 Horse Collar
17:03 Scale Mail Armor
17:13 Forging
20:23 Bow Saw
20:12 Stone Mining
24:31 Hand Cart
30:55 Heavy Plow
35:20 Imperial Age
32:57 Gold Mining
33:46 Fletching
33:57 Padded Archer Armor
33:23 Elite Skirmisher
35:18 Bodkin Arrow
35:39 Chain Mail Armor
35:40 Leather Archer Armor
36:01 Iron Casting
35:32 Scale Barding Armor
35:32 Squires
34:54 Pikeman
35:20 Gambesons
36:26 Gold Shaft Mining
36:31 Conscription
36:26 Bracer
37:57 Two-Man Saw
37:24 Thumb Ring
36:40 Crossbowman
38:48 Ring Archer Armor
39:42 Ballistics
40:30 Chemistry
39:56 Masonry
40:19 Plate Mail Armor
39:30 Arbalester
43:26 Blast Furnace
42:15 Halberdier
47:14 Husbandry
47:25 Bloodlines
47:49 Chain Barding Armor
47:41 Bloodlines
48:21 Light Cavalry
SkillmanTv
13:12 Feudal Age
15:40 Double-Bit Axe
18:51 Castle Age
21:02 Castle Age
23:09 Wheelbarrow
22:51 Bow Saw
29:49 Hand Cart
31:14 Gold Mining
31:14 Stone Mining
33:37 Gold Shaft Mining
37:08 Imperial Age
36:47 Caravan
37:17 Coinage
37:00 Pikeman
37:41 Squires
37:57 Scale Barding Armor
39:02 Chivalry
38:26 Halberdier
38:40 Cavalier
39:20 Husbandry
40:51 Banking
40:22 Paladin
41:16 Town Watch
41:17 Loom
41:57 Chain Barding Armor
41:40 Scale Mail Armor
41:50 Forging
41:40 Heavy Mounted Crossbowman
41:43 Cranequins
42:55 Elite Skirmisher
47:04 Ballistics
Miles
8:31 Loom
10:16 Feudal Age
11:11 Horse Collar
11:19 Double-Bit Axe
17:05 Castle Age
18:26 Bow Saw
18:24 Heavy Plow
19:40 Wheelbarrow
23:02 Stone Mining
23:32 Gold Mining
26:18 Hand Cart
27:56 Scale Barding Armor
28:01 Forging
28:41 Stone Shaft Mining
28:44 Gold Shaft Mining
29:21 Padded Archer Armor
29:11 Fletching
31:55 Imperial Age
29:46 Chain Barding Armor
30:03 Iron Casting
30:01 Murder Holes
30:26 Ballistics
30:53 Leather Archer Armor
30:36 Bodkin Arrow
31:52 Husbandry
32:02 Bloodlines
32:02 Town Watch
32:55 Bracer
33:57 Blast Furnace
32:41 Elite Steppe Lancer
34:18 Conscription
34:05 Nomads
34:15 Town Patrol
36:34 Chemistry
35:13 Onager
35:16 Light Cavalry
36:20 Hussar
37:41 Caravan
42:33 Elite Mangudai
47:11 Siege Engineers
48:29 Capped Ram
50:37 Drill
49:47 Siege Ram
51:59 Fortified Wall
51:59 Masonry
53:06 Coinage
Connection lost

Rejoining the realm…

Still unreachable

The connection could not be restored.

Session expired

The server has moved on; the page needs a fresh start.